 Dungeon Crawl Stone Soup version 0.27-a0-1301-g128193abf8 (webtiles) character file.

Game seed: 10691388694408432518

14 Delamore the Shield-Bearer (level 2, 0/24 HPs)
             Began as a Formicid Fighter on June 16, 2021.
             Slain by a hobgoblin (1 damage)
             ... on level 1 of the Dungeon.
             The game lasted 00:00:38 (629 turns).

Delamore the Shield-Bearer (Formicid Fighter)        Turns: 629, Time: 00:00:38

Health: 0/24       AC:  6    Str: 20    XL:     2   Next: 55%
Magic:  2/2        EV:  7    Int:  7    God:
Gold:   34         SH:  9    Dex: 10    Spells: 1/1 levels left

rFire    . . .     SeeInvis +   a - +0 trident
rCold    . . .     Faith    .   c - +0 kite shield
rNeg     . . .     Spirit   .   b - +0 scale mail
rPois    .         Reflect  .   (helmet unavailable)
rElec    .         Harm     .   (no cloak)
rCorr    .         Rampage  .   (no gloves)
Will     .....                  (no boots)
Stlth    ..........             (no amulet)
HPRegen  0.08/turn              (no ring)
MPRegen  0.08/turn              (no ring)

@: no status effects
A: permanent stasis, dig shafts and tunnels, antennae 3, four strong arms
a: Dig, Shaft Self


You were on level 1 of the Dungeon.
You visited 1 branch of the dungeon, and saw 2 of its levels.

You collected 34 gold pieces.

Inventory:

Hand Weapons
 a - a +0 trident (weapon)
Missiles
 e - 13 boomerangs
Armour
 b - a +0 scale mail (worn)
 c - a +0 kite shield (worn)
Jewellery
 f - an amulet of magic regeneration
Scrolls
 g - a scroll of teleportation {unknown}
Potions
 d - 2 potions of might


   Skills:
 + Level 3.5 Fighting
 * Level 2.7 Polearms
 - Level 3.2 Armour
 - Level 3.6 Shields


You had one spell level left.
You didn't know any spells.
Your spell library was empty.

Dungeon Overview and Level Annotations

Branches:
Dungeon (2/15)

Altars:

Annotations:
D:2 Natasha


Innate Abilities, Weirdness & Mutations

You cannot be hasted, slowed, berserked, paralysed or teleported.
You can dig through walls and to a lower floor.
You have a pair of large antennae on your head. (SInv)
Your four strong arms can wield two-handed weapons with a shield.


Message History

The hobgoblin barely misses you. Natasha claws you but does no damage.
You hit Natasha but do no damage.
Natasha is lightly wounded.
The goblin barely misses you. You block the hobgoblin's attack.
Natasha barely misses you. The goblin barely misses you.
You hit Natasha.
Natasha is moderately wounded.
You block the hobgoblin's attack. You block Natasha's attack.
The goblin hits you but does no damage. You block the hobgoblin's attack.
You hit Natasha.
Natasha is severely wounded.
Natasha barely misses you. The goblin hits you but does no damage.
You block the goblin's attack. The hobgoblin hits you.
Natasha barely misses you.
You barely miss Natasha.
Natasha is severely wounded.
You block the goblin's attack. The goblin hits you but does no damage.
The hobgoblin hits you. Natasha claws you!
* * * LOW HITPOINT WARNING * * *
You block the goblin's attack.
You are too injured to fight recklessly!
You are too injured to fight recklessly!
You are too injured to fight recklessly!
You are too injured to fight recklessly!
You are too injured to fight recklessly!
You are too injured to fight recklessly!
You are too injured to fight recklessly!
The goblin hits you but does no damage.
Natasha extends her claws.
Natasha howls an incantation.
Natasha's front paws start to glow.
There is a stone staircase leading up here.
You block the goblin's attack. The hobgoblin hits you.
* * * LOW HITPOINT WARNING * * *
You climb upwards.
There is a stone staircase leading down here.
Okay, then.
You completely miss the goblin. The goblin hits you but does no damage.
The hobgoblin hits you.
You die...

....#.#######.##......#.#.#
....#.#........#......#.#.#
....#[#.#####..#.####.#.#.#
...##.#.#...#....# #.###(#
...##.#.#.#.#.#..# #.....#
#####.#.###.#.#..#
######### #.#.....#.#..#
#.8#.##### #.#######.#g.#
#......... #.# #.....##@##
#...8..8.. #.# #.###...g.#
#<........ #)# #.# #.....#
#...8..8.. #.# #.###.....#
#......... #.# #.........#
#.8#.##### #.# ####......#
###### #.# #......# #####.#
#......# ....#.# #.######


You could see a hobgoblin and a goblin.

Vanquished Creatures
  A dart slug (D:1)
  An endoplasm (D:1)
  A giant cockroach (D:1)
  A goblin (D:1)
  2 hobgoblins (D:1)
  A quokka (D:1)
  A ball python (D:1)
  3 frilled lizards (D:1)
11 creatures vanquished.

Notes
Turn   | Place    | Note
-------+----------+-------------------------------------------
     0 | D:1      | Delamore the Formicid Fighter began the quest for the Orb.
     0 | D:1      | Reached XP level 1. HP: 18/18 MP: 1/1
   129 | D:1      | Reached XP level 2. HP: 20/24 MP: 2/2
   420 | D:1      | Found a faded altar of an unknown god.
   611 | D:2      | Noticed Natasha
   627 | D:2      | HP: 1/24 [hobgoblin (3)]
   629 | D:1      | Slain by a hobgoblin

Illustrated notes

Levels and vault maps discovered:
D:1:      elethiomel_arrival_quiet, layout_basic,
          shapermc_ecumenical_altar_totnotflames
D:2:      layout_basic, serial_shops, nicolae_shop_crystal, minmay_pentomino_s2,
          uniq_natasha

Action                   || total
-------------------------++-------
Melee: Trident           ||    34
Armor: Scale mail        ||    15
Dodge: Dodged            ||    10
Block: Kite shield       ||    15

Table legend: (Time is in decaauts)
 A = Elapsed time spent in this place.
 B = Non-inter-level travel time spent in this place.
 C = Inter-level travel time spent in this place.
 D = Time resting spent in this place.
 E = Time spent auto-exploring this place.
 F = Levels seen in this place.
 G = Mean time per level.
                   A        B        C        D        E       F      G
               +--------+--------+--------+--------+--------+-----+--------+
         Total |    640 |    618 |     22 |      0 |    523 |   2 |  320.0 |
       Dungeon |    640 |    618 |     22 |      0 |    523 |   2 |  320.0 |
               +--------+--------+--------+--------+--------+-----+--------+

Top non-repeatable levels by time:
     D:1: 616 daAuts
     D:2: 23 daAuts
